 Dungeon Crawl Stone Soup version 0.25-a0-697-g890751e (webtiles) character file.

Game seed: 9801507616637365897, levelgen mode: deterministic

9385 robertstho the Nimble (level 11, -9/95 HPs)
             Began as a Black Draconian Berserker on Mar 31, 2020.
             Was a High Priest of Trog.
             Hit by a large rock thrown by a cyclops (27 damage)
             ... on level 12 of the Dungeon.
             The game lasted 00:19:34 (10620 turns).

robertstho the Nimble (Black Draconian Berserker)  Turns: 10620, Time: 00:19:35

Health: -9/95      AC: 10    Str: 23    XL:     11   Next: 22%
Magic:  11/11      EV: 10    Int: 14    God:    Trog [*****.]
Gold:   714        SH: 22    Dex:  5    Spells: 10/10 levels left

rFire    + + +     SeeInvis .   F - +8 demon trident "Iplieqev" {flame, rPois rF+++ rC- Dex-5}
rCold    x x .     Gourm    .   s - +6 tower shield of Baelasy {*Contam MR+ Int+6 Dex+2}
rNeg     . . .     Faith    .   (armour unavailable)
rPois    +         Spirit   .   c - +2 hat
rElec    +         Reflect  .   (no cloak)
rCorr    .         Harm     .   (no gloves)
MR       ++...                  r - +0 pair of boots
Stlth    ++........             (no amulet)
HPRegen  0.25/turn              A - ring of fire
MPRegen  0.12/turn              p - ring of protection from magic

@: no status effects
A: breathe lightning, unfitting armour, clumsy 1, electricity resistance,
cold-blooded, AC +7
a: Breathe Lightning, Berserk, Trog's Hand, Brothers in Arms, Renounce Religion


You were on level 12 of the Dungeon.
You worshipped Trog.
Trog was extremely pleased with you.
You were not hungry.

You visited 1 branch of the dungeon, and saw 12 of its levels.

You collected 714 gold pieces.

Inventory:

Hand Weapons
 w - a +2 vorpal hand axe
 x - a +0 whip of flaming
 F - the +8 demon trident "Iplieqev" (weapon) {flame, rPois rF+++ rC- Dex-5}
   (Trog gifted it to you on level 11 of the Dungeon)

   It has been specially enchanted to burn those struck by it, causing extra
   injury to most foes and up to half again as much damage against particularly
   susceptible opponents.
   It affects your dexterity (-5).
   It renders you almost immune to fire.
   It makes you vulnerable to cold.
   It protects you from poison.
 J - a +2 vampiric war axe
Armour
 c - a +2 hat (worn)
 r - a +0 pair of boots (worn)
 s - the +6 tower shield of Baelasy (worn) {*Contam MR+ Int+6 Dex+2}
   (You found it on level 4 of the Dungeon)

   It affects your intelligence (+6).
   It affects your dexterity (+2).
   It affects your resistance to hostile enchantments.
   It causes magical contamination when unequipped.
Jewellery
 g - an uncursed ring of magical power
 p - a ring of protection from magic (right hand)
 A - a ring of fire (left hand)
 E - an uncursed amulet of the acrobat {unknown}
Wands
 n - a wand of digging (11)
 D - a wand of disintegration (22)
 G - a wand of random effects (16)
Scrolls
 d - a scroll of random uselessness {unknown}
 e - 5 scrolls of remove curse
 i - 2 scrolls of blinking
 j - 2 scrolls of enchant armour
 l - 2 scrolls of fear
 o - 5 scrolls of teleportation
 v - 2 scrolls of amnesia {unknown}
 y - 2 scrolls of magic mapping
 C - a scroll of fog {unknown}
 H - 2 scrolls of identify
Potions
 a - a potion of stabbing {unknown}
 f - 4 potions of mutation
 h - 2 potions of degeneration {unknown}
 k - 3 potions of curing
 m - a potion of cancellation
 q - 6 potions of haste
 t - a potion of magic {unknown}
 u - a potion of resistance
 z - 2 potions of flight {unknown}
 B - a potion of ambrosia {unknown}
 I - a potion of heal wounds
Comestibles
 b - 16 rations
 K - 7 chunks of flesh


   Skills:
 * Level 8.7 Fighting
 + Level 9.2 Axes
 + Level 0.3(5.7) Maces & Flails
 * Level 9.7 Dodging
 + Level 2.6 Stealth
 + Level 8.5 Shields


You had 10 spell levels left.
You didn't know any spells.
Your spell library was empty.

Dungeon Overview and Level Annotations

Branches:
Dungeon (12/15)            Temple (0/1) D:7            Lair (0/6) D:10
    Orc (0/2) D:10

Altars:
Ashenzari
Cheibriados
Hepliaklqana
Qazlal
Sif Muna
Uskayaw
Zin

Shops:
D:6 =:   D:10 (


Innate Abilities, Weirdness & Mutations

You can breathe wild blasts of lightning.
Your glossy black scales are hard. (AC +7)
You cannot fit into any form of body armour.
You are resistant to electric shocks. (rElec)
You are cold-blooded and may be slowed by cold attacks.
You are clumsy. (Dex -2)


Message History

K - 4 chunks of flesh;
K - 6 chunks of flesh (gained 2)
Items here: ) [[ รทรท a cursed -1 dagger; a +0 robe; a +0 leather armour; an orc skeleton x2
Things that are here:
a +2 trident of holy wrath; an orc corpse You butcher the orc corpse.
K - 7 chunks of flesh (gained 1)
Things that are here:
a +2 trident of holy wrath; an orc skeleton A cyclops comes into view.
The cyclops shouts!
The cyclops throws a large rock.
The large rock hits you.
You see here a large rock.
The cyclops throws a large rock.
The large rock hits you!!!
You see here a large rock.
The cyclops throws a large rock.
The large rock hits you!!
* * * LOW HITPOINT WARNING * * *
You see here a large rock.
The cyclops throws a large rock.
The large rock hits you!!
You die...

............#..
.........####..
######.## ###
#.# #.# ##.#
#..# #########
##.##
+C..@(..###..#
#
#######((...##
# ####...## #
##...#######
#.#.......+
#.######### #.#
# #.# #.#


You could see a cyclops.

Vanquished Creatures
  A hydra (D:11)
  A two-headed ogre (D:10)
  Pikel (D:7)
  2 ugly things (D:11)
  A troll (D:11)
  4 yaks
  2 hippogriffs (D:11)
  Sigmund (D:2)
  A hungry ghost (D:12)
  A water moccasin (D:9)
  A porcupine (D:10)
  3 ice beasts
  2 sky beasts (D:8)
  5 orc warriors
  A phantom (D:4)
  3 slaves (D:7)
  A black bear (D:9)
  6 ogres
  2 necrophages (D:7)
  7 centaurs
  2 big kobolds (D:11)
  Blork the orc (D:5)
  7 bullfrogs
  A gnoll sergeant (D:8)
  4 scorpions
  A wyvern skeleton (D:9)
  A water moccasin skeleton (D:5)
  A howler monkey (D:6)
  7 crimson imps
  2 centaur zombies
  4 jellies
  A quasit (D:8)
  2 hounds
  3 orc priests
  3 bullfrog skeletons
  A gnoll shaman (D:4)
  Terence (D:2)
  16 orc wizards
  7 worker ants
  2 iguanas
  2 hound zombies
  2 hound skeletons
  Robin (D:2)
  8 gnolls
  14 adders
  3 shadow imps
  An adder skeleton (D:9)
  2 adder zombies
  2 worms
  4 dart slugs
  9 leopard geckos
  31 orcs
  8 bats
  6 giant cockroaches
  14 goblins
  9 hobgoblins
  14 jackals
  19 kobolds
  7 quokkas
  4 frilled lizards
  A quokka skeleton (D:10)
  9 rats
283 creatures vanquished.

Vanquished Creatures (collateral kills)
  An orc warrior (D:6)
  An orc (D:6)
2 creatures vanquished.

Vanquished Creatures (others)
  An orc wizard (D:7)
  An orc (D:7)
  A fungus (D:10)
3 creatures vanquished.

Grand Total: 288 creatures vanquished

Notes
Turn   | Place    | Note
-------+----------+-------------------------------------------
     0 | D:1      | robertstho the Draconian Berserker began the quest for the
                  | Orb.
     0 | D:1      | Reached XP level 1. HP: 19/19 MP: 1/1
    41 | D:1      | Reached XP level 2. HP: 13/26 MP: 2/2
   412 | D:1      | Reached XP level 3. HP: 25/33 MP: 3/3
  1027 | D:2      | Reached ** piety under Trog
  1072 | D:2      | Noticed Sigmund
  1133 | D:2      | Noticed Robin
  1148 | D:2      | Killed Robin
  1148 | D:2      | Reached XP level 4. HP: 40/40 MP: 4/4
  1359 | D:2      | Killed Sigmund
  1359 | D:2      | Reached XP level 5. HP: 37/47 MP: 5/5
  1653 | D:2      | Noticed Terence
  1663 | D:2      | Killed Terence
  1663 | D:2      | Reached XP level 6. HP: 53/53 MP: 6/6
  1931 | D:3      | Reached skill level 1 in Shields
  2260 | D:3      | Reached *** piety under Trog
  2768 | D:3      | Found a faded altar of an unknown god,
  3239 | D:4      | Reached skill level 5 in Dodging
  3239 | D:4      | Your scales start taking on a glossy black colour.
  3239 | D:4      | Reached XP level 7. HP: 54/60 MP: 7/7
  3239 | D:4      | Gained mutation: You are resistant to electric shocks.
                  | (rElec) [Black Draconian growth]
  3650 | D:4      | Got a warped tower shield
  3661 | D:4      | Identified the +6 tower shield of Baelasy {*Contam MR+
                  | Int+6 Dex+2} (You found it on level 4 of the Dungeon)
  3721 | D:5      | Entered Level 5 of the Dungeon
  3763 | D:5      | Noticed Blork the orc
  3772 | D:5      | Reached skill level 5 in Fighting
  3772 | D:5      | Reached skill level 5 in Axes
  3780 | D:5      | Killed Blork the orc
  4076 | D:5      | Found a glowing silver altar of Zin,
  4202 | D:5      | Reached skill level 1 in Stealth
  4252 | D:5      | Reached XP level 8. HP: 46/69 MP: 8/8
  4916 | D:6      | Reached **** piety under Trog
  5407 | D:6      | Found Soqae's Book Shoppe,
  5409 | D:6      | Found Sus Saji's Jewellery Shop,
  5425 | D:6      | Found a shattered altar of Ashenzari,
  5576 | D:6      | Found a stormy altar of Qazlal,
  5580 | D:6      | Found a hazy altar of Hepliaklqana,
  5581 | D:6      | Found a hide-covered altar of Uskayaw,
  5759 | D:7      | Reached XP level 9. HP: 54/77 MP: 9/9
  5794 | D:7      | Noticed Pikel
  5825 | D:7      | Killed Pikel
  5825 | D:7      | Reached skill level 5 in Shields
  6186 | D:7      | Found a staircase to the Ecumenical Temple,
  6407 | D:7      | Found a shimmering blue altar of Sif Muna,
  6410 | D:7      | Found a snail-covered altar of Cheibriados,
  7073 | D:8      | Reached ***** piety under Trog
  7073 | D:8      | Received a gift from Trog
  7759 | D:9      | Reached XP level 10. HP: 84/86 MP: 10/10
  8515 | D:10     | Entered Level 10 of the Dungeon
  8518 | D:10     | Noticed a two-headed ogre
  8539 | D:10     | Killed a two-headed ogre
  9206 | D:10     | Found a staircase to the Lair,
  9344 | D:10     | Found Qoschoyd's Weapon Shoppe,
  9386 | D:10     | Found a staircase to the Orcish Mines,
  9505 | D:11     | Received a gift from Trog
  9529 | D:11     | Gained mutation: You are clumsy. (Dex -2) [mutagenic glow]
  9899 | D:11     | Noticed a five-headed hydra
  9909 | D:11     | Killed a five-headed hydra
  9909 | D:11     | Reached XP level 11. HP: 95/95 MP: 11/11
  9966 | D:11     | Noticed a brown ugly thing
  9982 | D:11     | Killed a brown ugly thing
 10104 | D:11     | Noticed a purple ugly thing
 10133 | D:11     | Killed a purple ugly thing
 10330 | D:11     | Received a gift from Trog
 10333 | D:11     | Got a steaming demon trident {god gift}
 10348 | D:11     | Identified the +8 demon trident "Iplieqev" {flame, rPois
                  | rF+++ rC- Dex-5} (Trog gifted it to you on level 11 of the
                  | Dungeon)
 10620 | D:12     | Hit by a large rock thrown by a cyclops

Levels and vault maps discovered:
D:1:      minmay_arrival_four_circles, layout_basic
D:2:      layout_loops_ring, first_ration, uniq_sigmund, uniq_terence,
          uniq_robin
D:3:      layout_basic, chequers_ecumenical_altar_simple
D:4:      layout_loops_cross
D:5:      layout_loops_ring, lemuel_doored_altar, uniq_blork_the_orc
D:6:      layout_basic, minitemple, serial_shops, shop_fountains,
          nicolae_shop_statue_plus
D:7:      layout_loops_ring, nicolae_overflow_hidden_temple,
          minmay_temple_entry_glassed_door, uniq_pikel
D:8:      layout_layer_cave
D:9:      layout_stronghold
D:10:     layout_roguey, grunt_lair_entry_orc_guard_hut, orc_0_dummy,
          serial_shops, nicolae_shop_statue_plus
D:11:     layout_cave_pods
D:12:     layout_roguey, serial_shops, shop, grunt_ogre_cave

Skill      XL: |  1  2  3  4  5  6  7  8  9 10 |
---------------+-------------------------------+-----
Dodging        | 3 4 5 6 8 9 |  9.7
Fighting       | 4 5 6 7 8 |  8.7
Axes           | 4 5 6 7 9 |  9.2
Shields        | 2 3 4 6 8 |  8.5
Stealth        | 1 2 |  2.6
Maces & Flails | |  0.3

Action                   |  1- 3 |  4- 6 |  7- 9 | 10-12 || total
-------------------------+-------+-------+-------+-------++-------
Melee: Hand axe          |    89 |   187 |   481 |   300 ||  1057
       Tailslap          |     9 |    19 |    74 |    42 ||   144
       Whip              |       |       |       |     6 ||     6
       Demon trident     |       |       |       |    12 ||    12
Invok: Berserk           |     3 |     3 |     6 |     4 ||    16
       Trog's Hand       |       |       |     3 |       ||     3
       Brothers in Arms  |       |       |     1 |       ||     1
 Abil: Breathe Lightning |       |       |     4 |     1 ||     5
  Use: Scroll            |       |     7 |    10 |       ||    17
       Potion            |       |       |     2 |       ||     2
 Stab: Sleeping          |       |     2 |     7 |     3 ||    12
  Eat: Chunk             |     2 |    11 |    16 |    14 ||    43
       Ration            |       |       |     2 |       ||     2
Armor: Skin              |    50 |    67 |    71 |    46 ||   234
Dodge: Dodged            |   101 |    67 |    99 |    79 ||   346
Block: Tower shield      |       |   121 |   466 |   318 ||   905

Table legend:
 A = Non-vault XP
 B = Vault XP
 C = Vault XP percentage of total XP
 D = Non-vault monster count
 E = Vault monster count
 F = Vault count percentage of total count
                 A         B        C        D         E       F
            +---------+---------+-------+---------+---------+-------
      Total |   11744 |    1664 |  12.4 |     261 |      21 |   7.4
            +---------+---------+-------+---------+---------+-------
        D:1 |      50 |       0 |   0.0 |      26 |       0 |   0.0
        D:2 |      74 |     277 |  78.9 |      16 |      14 |  46.7
        D:3 |     104 |       0 |   0.0 |      25 |       0 |   0.0
        D:4 |     255 |       0 |   0.0 |      13 |       0 |   0.0
        D:5 |     650 |      96 |  12.9 |      23 |       1 |   4.2
        D:6 |    1036 |       0 |   0.0 |      27 |       0 |   0.0
        D:7 |     894 |     629 |  41.3 |      22 |       1 |   4.3
        D:8 |    1377 |       0 |   0.0 |      26 |       0 |   0.0
        D:9 |    1312 |       0 |   0.0 |      21 |       0 |   0.0
       D:10 |    1455 |     662 |  31.3 |      11 |       5 |  31.2
       D:11 |    4275 |       0 |   0.0 |      45 |       0 |   0.0
       D:12 |     262 |       0 |   0.0 |       6 |       0 |   0.0
            +---------+---------+-------+---------+---------+-------
